 Dungeon Crawl Stone Soup version 0.31-a0-819-gf6de2f5ab6 (webtiles) character file.

Game seed: 14920323876566429943

7968 Kurtz the Nimble (level 11, -15/80 HPs)
             Began as an Octopode Fighter on Sept 24, 2023.
             Was an Elder of Makhleb.
             Demolished by a two-headed ogre
             ... wielding a +0 giant spiked club
              (18 damage)
             ... on level 9 of the Dungeon.
             The game lasted 00:14:39 (9651 turns).

Kurtz the Nimble (Octopode Fighter)                 Turns: 9651, Time: 00:14:41

Health: -15/80     AC:  8    Str: 17    XL:     11   Next: 23%
Magic:  16/16      EV: 17    Int: 17    God:    Makhleb [****..]
Gold:   103        SH:  6    Dex: 14    Spells: 10/10 levels left

rFire   . . .        u - +2 morningstar (protect)
rCold   . . .        b - +0 buckler
rNeg    . . .        (helmet restricted)
rPois   +            (no amulet)
rElec   .            f - ring of willpower
rCorr   .            v - ring of wizardry
SInv    .            I - +6 ring of intelligence
Will    +....        M - ring of poison resistance
Stlth   ++           (no ring)
HPRegen 0.33/turn    (no ring)
MPRegen 0.15/turn    (no ring)
                     (no ring)

%: wizardry (x1)
@: under a protective aura
A: almost no armour, amphibious, 8 rings, camouflage 1, gelatinous body 1,
(nimble swimmer 1), tentacles
a: Renounce Religion, Minor Destruction, Lesser Servant of Makhleb, Major
Destruction


You were on level 9 of the Dungeon.
You worshipped Makhleb.
Makhleb was greatly pleased with you.
You visited 1 branch of the dungeon, and saw 9 of its levels.

You collected 565 gold pieces.
You spent 462 gold pieces at shops.

Inventory:

Hand Weapons
 a - a +0 war axe
 u - a +2 morningstar of protection (weapon)
 F - a +3 trident of draining
Missiles
 m - 22 poisoned darts (quivered)
 n - 2 boomerangs
 L - a curare-tipped dart
Armour
 b - a +0 buckler (worn)
 g - a -2 hat of see invisible
 G - an orb of mayhem
Jewellery
 f - a ring of willpower (left tentacle)
 j - a ring of magical power
 k - a ring of ice
 v - a ring of wizardry (right tentacle)
 x - an amulet of faith
 E - a ring of fire
 I - a +6 ring of intelligence (on tentacle)
 M - a ring of poison resistance (on tentacle)
Wands
 J - a wand of mindburst (1)
Scrolls
 h - 5 scrolls of teleportation
 i - a scroll of fear {unknown}
 l - 2 scrolls of enchant weapon {unknown}
 q - a scroll of vulnerability {unknown}
 r - 3 scrolls of blinking {unknown}
 t - a scroll of brand weapon {unknown}
 w - a scroll of immolation {unknown}
 y - a scroll of revelation {unknown}
 D - a scroll of enchant armour {unknown}
 H - a scroll of identify
Potions
 c - 3 potions of brilliance
 d - a potion of lignification
 e - 3 potions of heal wounds
 o - 2 potions of invisibility {unknown}
 p - 6 potions of curing
 s - a potion of haste
 z - 3 potions of enlightenment
 A - 2 potions of mutation {unknown}
 B - 3 potions of attraction {unknown}
 C - a potion of cancellation {unknown}
 K - a potion of might


   Skills:
 * Level 9.0 Fighting
 * Level 8.5 Axes
 * Level 9.5 Dodging
 * Level 6.7 Shields
 * Level 6.6 Invocations


You had 10 spell levels left.
You didn't know any spells.
Your spell library contained the following spells:

 Spells                   Type           Power      Damage    Failure   Level
 Necrotise                Necr           0%         1d4       12%         1
 Dazzling Flash           Conj/Hex       0%         N/A       32%         3
 Summon Guardian Golem    Hex/Summ       0%         N/A       32%         3
 Vampiric Draining        Necr           0%         2d6       32%         3
 Volatile Blastmotes      Fire/Tloc      0%         2d10      32%         3
 Anguish                  Hex/Necr       0%         N/A       71%         4
 Cause Fear               Hex            0%         N/A       71%         4
 Agony                    Necr           0%         N/A       95%         5
 Starburst                Conj/Fire      0%         6d3       100%        6
 Enfeeble                 Hex            0%         N/A       100%        7
 Orb of Destruction       Conj           0%         9d5       100%        7
 Spellforged Servitor     Conj/Summ      0%         N/A       100%        7
 Maxwell's Capacitive Co  Air            0%         ∞         100%        8


Dungeon Overview and Level Annotations

Branches:
Dungeon (9/15)             Temple (0/1) D:7            Lair (0/5) D:9
    Orc: D:9-12

Altars:
Ashenzari
Cheibriados
Makhleb
Qazlal
Sif Muna
Trog
Vehumet
Wu Jian
The Shining One

Shops:
D:2 !   D:9 =

Annotations:
D:7 3 runed translucent doors, Age's ghost, novice MiFi
D:8 2 exclusions
D:9 exclusion: two-headed ogre


Innate Abilities, Weirdness & Mutations

You cannot wear most types of armour.
You are amphibious.
You can wear up to eight rings at the same time.
Your skin changes colour to match your surroundings (Stealth+).
Your rubbery body absorbs attacks. (AC +1, EV +1)
((You are camouflaged when in or above water. (Stealth+)))
You have tentacles for arms and can constrict up to eight enemies at once.


Message History

Press: ? - help, Q - select action, (/) - cycle Shift-Dir - straight line, f/p - two-headed ogre
Aim: a two-headed ogre, wielding a +0 giant spiked club and a +0 giant club (poisoned, 75% to hit)
You throw a poisoned dart.
The poisoned dart hits the two-headed ogre.
The two-headed ogre looks even sicker.
Aiming: Minor Destruction (1% risk of failure)
Press: ? - help, Shift-Dir - straight line, f/p - two-headed ogre
Aim: a two-headed ogre, wielding a +0 giant spiked club and a +0 giant club (very poisoned)
The stone arrow hits the two-headed ogre!
The two-headed ogre is moderately wounded.
Aiming: Minor Destruction (1% risk of failure)
Press: ? - help, Shift-Dir - straight line, f/p - two-headed ogre
Aim: a two-headed ogre, wielding a +0 giant spiked club and a +0 giant club (moderately wounded, very poisoned)
The puff of flame misses the two-headed ogre.
Aiming: Minor Destruction (1% risk of failure)
Press: ? - help, Shift-Dir - straight line, f/p - two-headed ogre
Aim: a two-headed ogre, wielding a +0 giant spiked club and a +0 giant club (moderately wounded, very poisoned)
The zap hits the two-headed ogre.
The two-headed ogre is moderately wounded.
You puncture the two-headed ogre!
Your weapon exudes an aura of protection.
You squeeze the two-headed ogre!
The two-headed ogre is severely wounded.
You block the two-headed ogre's attack.
The two-headed ogre hits you with a +0 giant club!
You hit the two-headed ogre. You squeeze the two-headed ogre.
The two-headed ogre is almost dead.
The two-headed ogre hits you with a +0 giant spiked club!!
The two-headed ogre hits you with a +0 giant club.
You barely miss the two-headed ogre.
The two-headed ogre is almost dead.
The two-headed ogre hits you with a +0 giant spiked club!
The two-headed ogre hits you with a +0 giant club.
You hit the two-headed ogre.
Your squeeze misses the two-headed ogre.
The two-headed ogre is almost dead.
The two-headed ogre hits you with a +0 giant spiked club!!
* * * LOW HITPOINT WARNING * * *
The two-headed ogre hits you with a +0 giant club!!
You die...

.......#...##..###.#
..P......#.##..#.(.O
.....P..##.##..#(#.##
....♣...##.##..#(#.#
>.....P..#.##..#.#.#
..P....P...##..#.#.#
P.......#......#.#
...P..♣.######.#O#
.♣.............#@#
....P.##########.#
......# #.# ..P.#.#
#.# ###...# #.#
......# #.# #######
#.# ### #.# ..######
#.#


You could see a two-headed ogre (poisoned).

Vanquished Creatures
  2 two-headed ogres
  A tengu warrior (D:8)
  A kobold demonologist (D:8)
  2 basilisks (D:9)
  2 wyverns (D:9)
  12 yaks (D:9)
  5 water moccasins
  2 sky beasts
  2 black bears
  2 ice beasts
  An orc warrior (D:9)
  A wolf (D:9)
  3 centaurs
  3 kobold brigands
  A bullfrog (D:8)
  A scorpion (D:6)
  A killer bee (D:9)
  A howler monkey (D:8)
  2 hounds
  5 orc priests
  A sleepcap (D:4)
  A jelly (D:5)
  8 iguanas
  Terence (D:2)
  8 orc wizards
  Robin (D:2)
  8 gnolls
  8 adders
  5 white imps
  An ufetubus (D:7)
  3 worms
  A dart slug (D:1)
  39 orcs
  3 endoplasms
  3 giant cockroaches
  9 goblins
  10 hobgoblins
  4 jackals (D:2)
  25 kobolds
  A quokka (D:4)
  10 ball pythons
  6 bats
  3 frilled lizards
  5 rats
214 creatures vanquished.

Vanquished Creatures (collateral kills)
  Jeremiah (D:7)
  2 yaks (D:9)
  A black bear (D:9)
  2 killer bees (D:9)
  A gnoll bouda (D:6)
  An iguana (D:7)
  A shadow imp (D:7)
9 creatures vanquished.

Vanquished Creatures (others)
  A wyvern (D:9)
  2 killer bees (D:9)
  A gnoll (D:6)
4 creatures vanquished.

Grand Total: 227 creatures vanquished

Notes
Turn   | Place    | Note
-------+----------+-------------------------------------------
     0 | D:1      | Kurtz the Octopode Fighter began the quest for the Orb.
     0 | D:1      | Reached XP level 1. HP: 16/16 MP: 1/1
   333 | D:1      | Reached XP level 2. HP: 21/21 MP: 2/2
   753 | D:2      | Reached XP level 3. HP: 17/26 MP: 3/3
   886 | D:2      | You fall into a shaft and drop 2 floors!
   951 | D:4      | Reached XP level 4. HP: 15/31 MP: 4/4
  1270 | D:4      | Reached XP level 5. HP: 9/36 MP: 5/5
  1708 | D:4      | Found a burning altar of Makhleb.
  1859 | D:4      | Became a worshipper of Makhleb the Destroyer
  2076 | D:4      | Found a bloodstained altar of Trog.
  2140 | D:4      | Found a glowing golden altar of the Shining One.
  2303 | D:3      | Reached skill level 5 in Axes
  2325 | D:3      | Reached XP level 6. HP: 31/42 MP: 6/6
  2643 | D:3      | Reached * piety under Makhleb
  3139 | D:2      | Found a faded altar of an unknown god.
  3251 | D:2      | Found Kaerph Muuc's Distillery.
  3256 | D:2      | Noticed Robin
  3271 | D:2      | Killed Robin
  3272 | D:2      | Reached skill level 1 in Invocations
  3355 | D:2      | Bought a potion of haste for 140 gold pieces
  3355 | D:2      | Bought a potion of curing for 42 gold pieces
  3575 | D:2      | Noticed Terence
  3584 | D:2      | Killed Terence
  3818 | D:5      | Entered Level 5 of the Dungeon
  3987 | D:5      | Noticed a black bear
  3998 | D:5      | Reached XP level 7. HP: 46/46 MP: 7/7
  4001 | D:5      | Reached ** piety under Makhleb
  4962 | D:6      | Found an ornate altar of the Wu Jian Council.
  4971 | D:6      | Reached XP level 8. HP: 54/54 MP: 9/9
  5261 | D:6      | Reached skill level 5 in Dodging
  5343 | D:6      | Reached skill level 5 in Fighting
  5492 | D:6      | Found a shimmering blue altar of Sif Muna.
  5945 | D:7      | Noticed Jeremiah
  6000 | D:6      | Reached *** piety under Makhleb
  6240 | D:7      | Noticed Age's ghost (novice MiFi)
  6258 | D:8      | Found a snail-covered altar of Cheibriados.
  6358 | D:8      | Found a stormy altar of Qazlal.
  6375 | D:8      | Noticed a tengu warrior
  6432 | D:8      | Reached XP level 9. HP: 58/62 MP: 11/11
  6645 | D:8      | Killed a tengu warrior
  6646 | D:8      | Reached skill level 5 in Shields
  6723 | D:8      | Found the +18 Lear's hauberk
  6765 | D:8      | Noticed a kobold demonologist
  6771 | D:8      | Noticed a red devil
  6771 | D:8      | Killed a kobold demonologist
  7339 | D:7      | Noticed a two-headed ogre
  7348 | D:7      | Killed a two-headed ogre
  7349 | D:7      | Reached XP level 10. HP: 71/71 MP: 11/13
  7366 | D:7      | Killed Jeremiah
  7463 | D:7      | Found a staircase to the Ecumenical Temple.
  7495 | D:7      | Found a runed translucent gate.
  7495 | D:7      | Found a runed translucent gate.
  7495 | D:7      | Found a runed translucent gate.
  8362 | D:9      | Found a staircase to the Lair.
  8406 | D:9      | Reached skill level 5 in Invocations
  8519 | D:9      | Found a broken altar of Ashenzari.
  8554 | D:9      | Noticed a two-headed ogre
  8575 | D:9      | Found a radiant altar of Vehumet.
  8626 | D:9      | Noticed a two-headed ogre
  8665 | D:9      | Killed a two-headed ogre
  8854 | D:9      | Found Laits's Jewellery Shoppe.
  8881 | D:9      | Reached XP level 11. HP: 57/78 MP: 15/15
  8884 | D:9      | Reached **** piety under Makhleb
  8956 | D:9      | Bought a ring of poison resistance for 280 gold pieces
  9651 | D:9      | HP: 3/80 [two-headed ogre/+0 giant spiked club (26)]
  9651 | D:9      | Demolished by a two-headed ogre

Illustrated notes

Levels and vault maps discovered:
D:1:      doesnt_arrival_eight_statues, layout_basic
D:2:      layout_loops_ring, serial_shops, shop, basic_ecumenical_altar,
          minmay_hexomino_f4, uniq_robin, uniq_terence
D:3:      layout_loops_ring
D:4:      minmay_diamond_boxcup, layout_loops_corners,
          mainiacjoe_overflow_two_lobes, mainiacjoe_overflow_24_doors
D:5:      layout_basic
D:6:      layout_loops_cross, nicolae_overflow_crystal_walls,
          lemuel_crystal_altar, kennysheep_big_empty_room
D:7:      layout_rooms, minmay_temple_entry_grid, gammafunk_ghost_split,
          fountainhead, uniq_jeremiah
D:8:      layout_basic, lemuel_crystal_altar, mainiacjoe_overflow_cross_hatched,
          hellmonk_guarded_unrand_lears
D:9:      layout_basic, lemuel_round_altar, mainiacjoe_overflow_catwalk,
          minmay_lair_entry_grove, serial_shops, nicolae_shop_peninsula

Skill      XL: |  1  2  3  4  5  6  7  8  9 10 11 |
---------------+----------------------------------+-----
Axes           | 3 4 5 6 7 8 |  8.5
Invocations    | 1 2 3 4 5 6 |  6.6
Dodging        | 4 6 7 9 |  9.5
Fighting       | 4 5 7 8 9 |  9.0
Shields        | 4 5 6 |  6.7

Action                     |  1- 3 |  4- 6 |  7- 9 | 10-12 || total
---------------------------+-------+-------+-------+-------++-------
  Melee: War axe           |    49 |   119 |       |       ||   168
         Constrict         |    15 |    34 |    53 |    18 ||   120
         Tentacles         |     5 |    29 |    45 |    40 ||   119
         Punch             |     2 |     1 |     3 |     3 ||     9
         Morningstar       |       |    15 |   217 |   148 ||   380
  Throw: Dart              |       |       |     2 |    18 ||    20
         Boomerang         |       |       |       |     2 ||     2
 Invoke: Minor Destruction |       |       |     1 |    30 ||    31
         Lesser Servant of |       |       |     1 |       ||     1
  Evoke: Wand              |       |       |     7 |     6 ||    13
    Use: Potion            |       |     1 |     1 |       ||     2
         Scroll            |       |       |     6 |       ||     6
   Stab: Sleeping          |     6 |    13 |     4 |       ||    23
         Distracted        |       |     1 |       |     2 ||     3
 Armour: Skin              |    11 |    57 |   175 |    78 ||   321
  Dodge: Dodged            |    31 |    68 |   168 |    74 ||   341
  Block: Buckler           |     8 |    29 |    62 |    38 ||   137

Table legend: (Time is in decaauts)
 A = Elapsed time spent in this place.
 B = Non-inter-level travel time spent in this place.
 C = Inter-level travel time spent in this place.
 D = Time resting spent in this place.
 E = Time spent auto-exploring this place.
 F = Levels seen in this place.
 G = Mean time per level.
                   A        B        C        D        E       F      G
               +--------+--------+--------+--------+--------+-----+--------+
         Total |   9835 |   9366 |    469 |   1727 |   5659 |   9 | 1092.8 |
       Dungeon |   9835 |   9366 |    469 |   1727 |   5659 |   9 | 1092.8 |
               +--------+--------+--------+--------+--------+-----+--------+

Top non-repeatable levels by time:
     D:9: 1798 daAuts
     D:4: 1422 daAuts
     D:6: 1366 daAuts
     D:8: 1228 daAuts
     D:5: 981 daAuts
     D:2: 870 daAuts
     D:3: 846 daAuts
     D:1: 730 daAuts
     D:7: 591 daAuts
